Map: Abyssal Reef LE

Players

MaNa - Winner!

  • Race: Protoss Protoss
  • Spawn Location: 5:00

HolyHit

  • Race: Protoss Protoss
  • Spawn Location: 11:00

Event: WCS Jonkoping 2017

VOD

Have the link to the VOD?

Description

Time

  • Played on: June 17, 2017, 7:13 a.m.
  • Length: 10:25

All games in this series

Show
View Real Time Build Order
Export as new Build Order

MaNa Protoss - Winner!

Build Orders:  

Get SALT Encoding   

  12  0:01  Probe (Chrono Boost)  
  13  0:11  Probe (Chrono Boost)  
  14  0:17  Pylon  
  14  0:22  Probe (Chrono Boost)  
  15  0:36  Probe (Chrono Boost), Gateway  
  16  0:46  Probe (Chrono Boost)  
  16  0:47  Assimilator  
  18  0:57  Probe (Chrono Boost)  
  18  1:01  Assimilator  
  18  1:07  Probe (Chrono Boost)  
  18  1:09  Gateway  
  19  1:18  Probe (Chrono Boost)  
  20  1:23  Cybernetics Core  
  20  1:28  Probe (Chrono Boost)  
  20  1:29  Pylon  
  21  1:39  Probe (Chrono Boost)  
  22  1:49  Probe (Chrono Boost)  
  23  2:00  Probe (Chrono Boost), Warp Gate (Chrono Boost)  
  23  2:01  Stalker (Chrono Boost)  
  28  2:02  Stalker (Chrono Boost)  
  28  2:08  Pylon  
  28  2:12  Probe  
  29  2:24  Mothership Core (Chrono Boost)  
  31  2:34  Stalker x2  
  34  3:02  Pylon  
  34  3:04  Stalker x2  
  38  3:20  Nexus  
  38  3:33  Robotics Facility  
  38  3:55  Stalker x2  
  42  4:09  Probe (Chrono Boost)  
  43  4:19  Probe (Chrono Boost)  
  43  4:21  Warp Prism  
  46  4:30  Probe (Chrono Boost)  
  47  4:32  Sentry  
  47  4:33  Sentry  
  47  4:34  Probe (Chrono Boost)  
  52  4:39  Twilight Council  
  52  4:41  Probe (Chrono Boost)  
  52  4:44  Probe (Chrono Boost)  
  54  4:50  Pylon  
  54  4:51  Probe (Chrono Boost)  
  55  4:55  Probe (Chrono Boost)  
  55  4:59  Immortal (Chrono Boost)  
  60  5:02  Probe (Chrono Boost)  
  60  5:05  Probe (Chrono Boost)  
  62  5:10  Pylon  
  62  5:14  Probe  
  62  5:15  Probe  
  64  5:24  Adept x2  
  68  5:32  Probe, Blink (Chrono Boost)  
  68  5:33  Probe, Assimilator  
  71  5:35  Observer (Chrono Boost)  
  71  5:43  Probe  
  71  5:45  Probe  
  71  5:49  Pylon  
  73  5:53  Probe  
  73  5:55  Pylon  
  74  5:58  Immortal (Chrono Boost)  
  78  6:07  Probe x2  
  80  6:12  Pylon  
  80  6:23  Probe  
  81  6:29  Nexus  
  81  6:32  Immortal (Chrono Boost)  
  85  6:35  Sentry, Stalker  
  85  6:39  Probe  
  90  6:41  Pylon  
  90  6:45  Pylon  
  90  6:52  Gateway x2  
  90  6:58  Gateway  
  90  7:06  Observer (Chrono Boost)  
  91  7:08  Probe  
  91  7:10  Probe  
  91  7:12  Stalker x2  
  97  7:24  Probe  
  97  7:26  Probe  
  93  7:47  Probe  
  92  7:55  Stalker x2  
  94  8:00  Gateway  
  94  8:01  Gateway  
  88  8:10  Adept x2  
  88  8:11  Probe, Adept  
  81  8:21  Probe x2  
  79  8:33  Gateway  
  79  8:34  Gateway  
  79  8:38  Stalker x5  
  79  8:39  Probe  
  90  8:41  Assimilator  
  90  8:42  Assimilator  
  90  8:45  Immortal  
  94  8:53  Charge (Chrono Boost)  
  94  8:58  Sentry  
  94  9:01  Zealot x6  
  108  9:11  Pylon  
  107  9:21  Stalker x4  
  107  9:22  Stalker  
  117  9:26  Pylon  
  117  9:27  Pylon  
  117  9:29  Observer, Pylon  
  117  9:52  Zealot x4  
  121  9:53  Zealot x3  
  121  9:58  Observer  
  132  10:03  Pylon  
  132  10:16  Stalker x4  
Show
View Real Time Build Order
Export as new Build Order

HolyHit Protoss 

Build Orders:  

Get SALT Encoding   

  12  0:00  Probe (Chrono Boost)  
  13  0:11  Probe (Chrono Boost)  
  14  0:20  Pylon  
  14  0:22  Probe (Chrono Boost)  
  15  0:38  Probe (Chrono Boost), Gateway  
  16  0:45  Assimilator  
  16  0:49  Probe (Chrono Boost)  
  17  0:53  Assimilator  
  17  0:59  Probe (Chrono Boost)  
  18  1:10  Probe (Chrono Boost)  
  19  1:13  Gateway  
  19  1:20  Probe (Chrono Boost)  
  20  1:26  Cybernetics Core  
  20  1:31  Probe (Chrono Boost)  
  21  1:35  Pylon  
  21  1:41  Probe (Chrono Boost)  
  22  1:52  Probe (Chrono Boost)  
  23  2:02  Stalker x2, Warp Gate (Chrono Boost)  
  27  2:15  Robotics Facility  
  27  2:32  Stalker x2  
  30  2:42  Probe  
  31  2:45  Pylon  
  31  2:52  Gateway  
  31  3:04  Warp Prism (Chrono Boost)  
  33  3:12  Mothership Core  
  35  3:19  Pylon  
  33  3:57  Stalker  
  35  4:02  Nexus  
  35  4:05  Probe (Chrono Boost)  
  35  4:08  Adept x2  
  40  4:11  Observer  
  40  4:17  Probe (Chrono Boost)  
  36  4:24  Pylon  
  36  4:27  Probe (Chrono Boost)  
  36  4:31  Sentry  
  39  4:33  Sentry  
  39  4:35  Observer  
  39  4:38  Probe (Chrono Boost)  
  43  4:48  Probe (Chrono Boost)  
  43  4:52  Twilight Council  
  44  4:59  Probe (Chrono Boost)  
  45  5:04  Warp Prism (Chrono Boost)  
  47  5:10  Probe (Chrono Boost)  
  48  5:14  Probe (Chrono Boost)  
  48  5:20  Charge (Chrono Boost), Probe (Chrono Boost)  
  50  5:25  Probe (Chrono Boost)  
  51  5:30  Gateway  
  51  5:32  Probe (Chrono Boost)  
  49  5:46  Probe  
  49  5:47  Probe  
  50  5:51  Immortal (Chrono Boost)  
  54  5:58  Probe  
  54  5:59  Probe  
  56  6:10  Probe  
  56  6:11  Probe  
  56  6:13  Gateway  
  56  6:16  Stargate  
  56  6:22  Probe  
  56  6:23  Probe  
  55  6:26  Adept x2  
  57  6:34  Probe  
  57  6:35  Probe  
  59  6:41  Immortal (Chrono Boost)  
  59  6:46  Probe  
  64  6:48  Zealot x2  
  68  6:54  Zealot  
  68  7:00  Pylon  
  70  7:01  Pylon  
  70  7:17  Void Ray  
  70  7:19  Probe x2, Immortal (Chrono Boost)  
  80  7:31  Zealot x2, Probe x2  
  82  7:42  Zealot x3  
  79  7:56  Zealot x2  
  81  7:59  Probe  
  81  8:00  Probe  
  81  8:03  Zealot  
  83  8:11  Zealot, Probe  
  72  8:14  Zealot  
  70  8:20  Zealot  
  70  8:23  Zealot  
  70  8:24  Probe  
  67  8:32  Probe  
  68  8:37  Probe  
  67  8:49  Nexus  
  67  8:50  Probe, Templar Archives  
  67  8:53  Assimilator  
  68  8:55  Assimilator  
  68  8:57  Probe  
  69  9:05  Pylon  
  69  9:09  Zealot x2  
  73  9:10  Zealot  
  75  9:17  Mothership Core  
  75  9:23  Probe  
  78  9:28  Immortal (Chrono Boost)  
  82  9:33  Zealot x2  
  82  9:35  Probe  
  73  9:41  Probe  
  62  9:47  Probe, High Templar  
  59  9:56  Zealot x2  
  59  9:57  Zealot x2  
  71  10:17  Zealot, High Templar  
  71  10:18  Zealot  
  71  10:20  Archon  
Tags
 
Add a new tag
Caveats
  • Supply blocks, unpowered buildings, or Contaminate may cause inaccurate times.
  • Supply counts are checked every 10 seconds.